 Dungeon Crawl Stone Soup version 0.24-a0-358-g53aee78b01 (webtiles) character file.

Game seed: 15849712133640686212

382 MisterOstroum the Skirmisher (level 6, -4/48 HPs)
             Began as a Demonspawn Wanderer on May 25, 2019.
             Was a Follower of Fedhas.
             Slain by an ogre
             ... wielding a +0 giant spiked club
              (27 damage)
             ... on level 4 of the Dungeon.
             The game lasted 00:28:06 (4362 turns).

MisterOstroum the Skirmisher (Demonspawn Wanderer)  Turns: 4362, Time: 00:28:07

Health: -4/48      AC:  6    Str: 14    XL:     6   Next: 47%
Magic:  6/6        EV: 11    Int: 18    God:    Fedhas [*.....]
Gold:   250        SH:  0    Dex: 11    Spells: 2/5 levels left

rFire    . . .     SeeInvis +   i - +0 whip
rCold    . . .     Gourm    .   (no shield)
rNeg     . . .     Faith    .   y - +1 robe "Saekh" {+Inv Int+3}
rPois    .         Spirit   .   (helmet restricted)
rElec    .         Reflect  .   (no cloak)
rCorr    .         Harm     .   (no gloves)
MR       +....                  (no boots)
Stlth    +.........             (no amulet)
HPRegen  0.16/turn              o - ring of see invisible
MPRegen  0.10/turn              s - ring of protection from magic

@: no status effects
A: antennae 1, yellow scales 2, spiny 2
a: Fungal Bloom, Sunlight, Renounce Religion, Evoke Invisibility


You were on level 4 of the Dungeon.
You worshipped Fedhas.
Fedhas was aware of your devotion.
You were not hungry.

You visited 1 branch of the dungeon, and saw 4 of its levels.

You collected 250 gold pieces.

Inventory:

Hand Weapons
 i - a +0 whip (weapon)
 m - a +0 rapier
 x - a cursed -2 morningstar
Missiles
 g - 24 poisoned darts (quivered)
 j - 73 stones
Armour
 d - a +2 scale mail
 l - a +0 shield
 y - the +1 robe "Saekh" (worn) {+Inv Int+3}
   (You found it on level 4 of the Dungeon)

   It affects your intelligence (+3).
   It lets you turn invisible.
Jewellery
 o - a ring of see invisible (left hand)
 s - a ring of protection from magic (right hand)
Scrolls
 a - a scroll of amnesia {unknown}
 b - a scroll of random uselessness {unknown}
 c - a scroll of enchant weapon {unknown}
 h - 5 scrolls of identify {@r1}
 k - 3 scrolls of teleportation {unknown}
 p - 2 scrolls of fear {unknown}
 t - 2 scrolls of enchant armour {unknown}
 u - a scroll of immolation {unknown}
 v - a scroll of fog {unknown}
Potions
 n - a potion of curing {@q1 !q}
 q - a potion of mutation {unknown}
 r - 2 potions of heal wounds {unknown}
 w - a potion of ambrosia {unknown}
 z - a potion of flight {unknown}
Comestibles
 e - 4 rations
 A - 3 chunks of flesh


   Skills:
 + Level 4.0 Fighting
 + Level 3.2 Maces & Flails
   Level 1.7 Crossbows
 + Level 3.1 Throwing
 - Level 1.7 Armour
 - Level 1.0 Shields
 - Level 2.6 Translocations
 - Level 1.0 Evocations


You had 2 spell levels left.
You knew the following spells:

 Your Spells              Type           Power        Failure   Level  Hunger
a - Sting                 Conj/Pois      #...         22%         1    ##.....
b - Blink                 Tloc           N/A          11%         2    ###....

Your spell library contained the following spells:

 Spells                   Type           Power        Failure   Level  Hunger
 Shroud of Golubria       Chrm/Tloc      #.........   19%         2    ###....
 Ignite Poison            Fire/Tmut/Pois #.......     54%         3    ####...


Dungeon Overview and Level Annotations

Branches:
Dungeon (4/15)
 Temple: D:4-7

Altars:
Fedhas
Makhleb

Annotations:
D:2 1 runed translucent door, Crazy Yiuf


Innate Abilities, Weirdness & Mutations

You have a pair of small antennae on your head.
You are mostly covered in yellow scales. (AC +3)
You are mostly covered in sharp spines.


Message History

The orc wizard is almost dead.
The orc wizard hits you but does no damage.
You closely miss the orc wizard.
The orc wizard is almost dead.
The orc wizard hits you but does no damage.
You closely miss the orc wizard.
The orc wizard is almost dead.
You hit the orc wizard.
You kill the orc wizard!
Your Fighting skill increases to level 4!
No target in view!
Items here: )) [ †† a +0 dagger; a +0 robe; a +0 dagger; an orc corpse x2
Butcher an orc corpse? [(y)es/(n)o/(a)ll/(q)uit/?]
Butcher an orc corpse? [(y)es/(n)o/(a)ll/(q)uit/?]
There isn't anything else to butcher here.
You butcher the orc corpse.
A - 4 chunks of flesh
Items here: )) [ ÷ † a +0 dagger; a +0 robe; a +0 dagger; an orc skeleton; an orc corpse A toadstool grows at your feet.
A toadstool grows from a nearby corpse.
Fedhas appreciates your contribution to the ecosystem.
Eat one of 4 chunks of flesh? (ye/n/q)
You eat one of the 4 chunks of flesh.
This raw flesh tastes terrible.
j - 67 stones (gained 1)
A nearby toadstool withers and dies.
Found a burning altar of Makhleb.
j - 68 stones (gained 1)
j - 69 stones (gained 1)
j - 70 stones (gained 1);
g - 24 poisoned darts (gained 1)
A nearby toadstool withers and dies.
Found a scroll labeled ROFY MAVUS.
There is a burning altar of Makhleb here.
Things that are here:
a whip; a warped robe
y - a warped robe Wield which item (- for none, * to show all)? (? for menu, Esc to quit)
Okay, then.
Wear which item? (? for menu, Esc to quit)
You start removing your armour.
You continue taking off your +2 scale mail. x4
You finish taking off your +2 scale mail.
You start putting on your armour.
You continue putting on your warped robe. x5
You finish putting on the +1 robe "Saekh" {+Inv Int+3}.
f - 3 potions of degeneration (gained 1)
t - 2 scrolls labeled ROFY MAVUS (gained 1)
You now have 239 gold pieces (gained 11).
There is an open door here.
g - 25 poisoned darts (gained 1)
g - 26 poisoned darts (gained 1)
g - 27 poisoned darts (gained 1)
g - 28 poisoned darts (gained 1)
g - 29 poisoned darts (gained 1)
g - 30 poisoned darts (gained 1)
You now have 250 gold pieces (gained 11).
j - 71 stones (gained 1)
j - 72 stones (gained 1)
j - 73 stones (gained 1)
Found a stone staircase leading down.
You drop 3 potions of degeneration.
The ogre shouts!
The ogre is too close now for your liking.
Throwing (i - inventory. (/) - cycle)
g - 30 poisoned darts (quivered)
Press: ? - help, Shift-Dir - straight line, f - ogre
Aim: an ogre, wielding a +0 giant spiked club You throw a poisoned dart.
The poisoned dart barely misses the ogre.
Throwing (i - inventory. (/) - cycle)
g - 29 poisoned darts (quivered)
Press: ? - help, Shift-Dir - straight line, f/p - ogre
Aim: an ogre, wielding a +0 giant spiked club You throw a poisoned dart.
The poisoned dart barely misses the ogre.
Throwing (i - inventory. (/) - cycle)
g - 28 poisoned darts (quivered)
Press: ? - help, Shift-Dir - straight line, f/p - ogre
Aim: an ogre, wielding a +0 giant spiked club You throw a poisoned dart.
The poisoned dart hits the ogre.
The ogre is poisoned.
Throwing (i - inventory. (/) - cycle)
g - 27 poisoned darts (quivered)
Press: ? - help, Shift-Dir - straight line, f/p - ogre
Aim: an ogre, wielding a +0 giant spiked club (poisoned)
You throw a poisoned dart.
The poisoned dart barely misses the ogre.
Throwing (i - inventory. (/) - cycle)
g - 26 poisoned darts (quivered)
Press: ? - help, Shift-Dir - straight line, f/p - ogre
Aim: an ogre, wielding a +0 giant spiked club (poisoned)
You throw a poisoned dart. The poisoned dart hits the ogre!
The ogre looks even sicker.
The ogre is struck by your spines.
The ogre hits you with a +0 giant spiked club!!
Ouch! That really hurt!
The ogre looks more healthy.
Throwing (i - inventory. (/) - cycle)
g - 25 poisoned darts (quivered)
Press: ? - help, Shift-Dir - straight line, f/p - ogre
Aim: an ogre, wielding a +0 giant spiked club (almost dead)
You throw a poisoned dart. The poisoned dart hits the ogre.
The ogre is almost dead.
The ogre hits you with a +0 giant spiked club!!
Ouch! That really hurt!
You die...
Fedhas appreciates your contribution to the ecosystem.

......<..#### ###### #
............# #..... #
....###.O...# ##########.... #
....# #.....# #.........).. #
....# #.....# #..........# #
....# #..)..####..........# #
....# #.....#.............#######
....#####...#....O...............
............'...@##.....#........
......###...#...........#........
.......##...#...........##.....!.
.#.....##....#'#........##.......
.....#.##....#.#...#...###.......
.........#...#.#...#......##.....
.####....#...#.#...#.............
.........#####.#...##............
.####....# #.#...##............


You could see an ogre.

Vanquished Creatures
  Duvessa (D:4)
  An ogre (D:4)
  Dowan (D:4)
  An orc wizard (D:4)
  5 adders
  2 oozes
  A worm (D:3)
  A dart slug (D:2)
  2 leopard geckos
  2 orcs (D:4)
  A ball python (D:1)
  3 bats
  4 giant cockroaches
  5 goblins
  9 hobgoblins
  6 jackals
  2 quokkas
  5 frilled lizards
  4 kobolds
  10 rats
66 creatures vanquished.

Vanquished Creatures (others)
  28 toadstools
28 creatures vanquished.

Grand Total: 94 creatures vanquished

Notes
Turn   | Place    | Note
-------+----------+-------------------------------------------
     0 | D:1      | MisterOstroum the Demonspawn Wanderer began the quest for
                  | the Orb.
     0 | D:1      | MisterOstroum set off with the following items: a +0 club,
                  | a +2 scale mail, a ration; and the following spell
                  | memorised: Sting; and the following spells available to
                  | memorise: Blink, Shroud of Golubria, Ignite Poison
     0 | D:1      | Reached XP level 1. HP: 15/15 MP: 1/1
   349 | D:1      | Gained mutation: You have a pair of small antennae on your
                  | head. [demonic ancestry]
   349 | D:1      | Reached XP level 2. HP: 22/22 MP: 2/2
   945 | D:1      | Reached skill level 2 in Fighting
  1106 | D:2      | Reached skill level 1 in Maces & Flails
  1114 | D:2      | Reached skill level 1 in Throwing
  1116 | D:2      | Gained mutation: You are partially covered in yellow
                  | scales. (AC +2) [demonic ancestry]
  1116 | D:2      | Reached XP level 3. HP: 20/27 MP: 3/3
  2225 | D:2      | Found a runed translucent door.
  2226 | D:2      | Noticed Crazy Yiuf
  2605 | D:2      | Gained mutation: You are partially covered in sharp spines.
                  | [demonic ancestry]
  2605 | D:2      | Reached XP level 4. HP: 17/34 MP: 4/4
  2612 | D:2      | Learned a level 2 spell: Blink
  2884 | D:3      | Found a blossoming altar of Fedhas.
  2924 | D:3      | Became a worshipper of Fedhas Madash
  3479 | D:3      | Reached * piety under Fedhas
  3746 | D:4      | Noticed an ogre
  3803 | D:4      | Reached skill level 3 in Fighting
  3855 | D:4      | Noticed an ogre
  3886 | D:4      | Killed an ogre
  3886 | D:4      | Gained mutation: You are mostly covered in yellow scales.
                  | (AC +3) [demonic ancestry]
  3886 | D:4      | Reached XP level 5. HP: 41/41 MP: 5/5
  3947 | D:4      | Noticed Dowan
  3947 | D:4      | Noticed Duvessa
  3968 | D:4      | Killed Dowan
  3970 | D:4      | Killed Duvessa
  3970 | D:4      | Gained mutation: You are mostly covered in sharp spines.
                  | [demonic ancestry]
  3970 | D:4      | Reached XP level 6. HP: 15/48 MP: 6/6
  4208 | D:4      | Reached skill level 4 in Fighting
  4224 | D:4      | Found a burning altar of Makhleb.
  4238 | D:4      | Got a warped robe
  4249 | D:4      | Identified the +1 robe "Saekh" {+Inv Int+3} (You found it
                  | on level 4 of the Dungeon)
  4362 | D:4      | Slain by an ogre

Levels and vault maps discovered:
D:1:      moated_graveyard_arrival, layout_basic,
          chequers_serial_rivers_large_a, minmay_misc_feat_four_crosses,
          corexii_hall_statues_t, minmay_pentomino_p2
D:2:      minmay_wonky_spiral, layout_rooms, uniq_crazy_yiuf_cottage
D:3:      layout_basic, lemuel_crystal_altar
D:4:      layout_basic, bloody_makhleb, uniq_duvessa

Skill      XL: |  1  2  3  4  5  6 |
---------------+-------------------+-----
Fighting       | 2 3 4 |  4.0
Maces & Flails | 1 2 3 |  3.2
Throwing       | 1 2 3 |  3.1
Crossbows      | |  1.7
Armour         | |  1.7
Shields        | |  1.0
Translocations | |  2.6
Evocations     | |  1.0

Action                   |  1- 3 |  4- 6 || total
-------------------------+-------+-------++-------
Melee: Whip              |   373 |    82 ||   455
       Club              |    19 |       ||    19
       Rapier            |    14 |       ||    14
Throw: Stone             |    79 |    47 ||   126
       Dart              |    21 |    22 ||    43
Invok: Fungal Bloom      |       |    11 ||    11
  Use: Potion            |     2 |     1 ||     3
       Scroll            |     1 |     1 ||     2
  Eat: Chunk             |     6 |     2 ||     8
       Ration            |       |     1 ||     1
Armor: Scale mail        |   260 |    34 ||   294
Dodge: Dodged            |   204 |    23 ||   227

Table legend:
 A = Non-vault XP
 B = Vault XP
 C = Vault XP percentage of total XP
 D = Non-vault monster count
 E = Vault monster count
 F = Vault count percentage of total count
                 A         B        C        D         E       F
            +---------+---------+-------+---------+---------+-------
      Total |     336 |     210 |  38.5 |      60 |       6 |   9.1
            +---------+---------+-------+---------+---------+-------
        D:1 |      27 |       4 |  12.9 |      16 |       2 |  11.1
        D:2 |      77 |       3 |   3.8 |      19 |       2 |   9.5
        D:3 |      62 |       0 |   0.0 |      19 |       0 |   0.0
        D:4 |     170 |     203 |  54.4 |       6 |       2 |  25.0
            +---------+---------+-------+---------+---------+-------
